 Dungeon Crawl Stone Soup version 0.24-a0-251-g44e327e (webtiles) character file.

Game seed: 13641788953479383321

96 Borgoz the Cutter (level 4, -4/27 HPs)
             Began as a Kobold Gladiator on Apr 17, 2019.
             Killed by nerve-wracking pain
             ... invoked by Grinder
              (9 damage)
             ... on level 3 of the Dungeon.
             The game lasted 00:03:08 (1932 turns).

Borgoz the Cutter (Kobold Gladiator)                Turns: 1932, Time: 00:03:09

Health: -4/27      AC:  4    Str: 11    XL:     4   Next: 98%
Magic:  4/4        EV: 16    Int:  9    God:
Gold:   190        SH:  0    Dex: 17    Spells: 3/3 levels left

rFire    . . .     SeeInvis .   a - +0 rapier
rCold    . . .     Gourm    .   (shield restricted)
rNeg     . . .     Faith    .   b - +0 leather armour
rPois    .         Spirit   .   c - +0 helmet
rElec    .         Reflect  .   (no cloak)
rCorr    .         Harm     .   (no gloves)
MR       .....                  (no boots)
Stlth    ++........             (no amulet)
HPRegen  0.09/turn              (no ring)
MPRegen  0.09/turn              (no ring)

@: no status effects
A: small, carnivore
a: no special abilities


You were on level 3 of the Dungeon.
You were completely stuffed.

You visited 1 branch of the dungeon, and saw 3 of its levels.

You collected 190 gold pieces.

Inventory:

Hand Weapons
 a - a +0 rapier (weapon)
 p - a +0 short sword of holy wrath
Missiles
 d - 3 throwing nets (quivered)
Armour
 b - a +0 leather armour (worn)
 c - a +0 helmet (worn)
 g - a +0 pair of gloves
 j - a +0 pair of boots
Wands
 t - a wand of digging (4)
Scrolls
 e - 4 scrolls of identify {unknown}
 h - 2 scrolls of fog {unknown}
 i - 2 scrolls of immolation {unknown}
 l - a scroll of blinking {unknown}
 m - a scroll of remove curse {unknown}
 n - a scroll of noise {unknown}
 q - 2 scrolls of teleportation {unknown}
 r - a scroll of enchant weapon {unknown}
 s - a scroll of enchant armour {unknown}
 u - a scroll of random uselessness {unknown}
Potions
 o - a potion of cancellation {unknown}
Comestibles
 f - 4 rations


   Skills:
 + Level 2.6 Fighting
 + Level 5.6 Short Blades
 + Level 2.4 Throwing
 + Level 0.8 Armour
 + Level 4.3 Dodging
 + Level 1.0 Stealth


You had 3 spell levels left.
You didn't know any spells.
Your spell library was empty.

Dungeon Overview and Level Annotations

Branches:
Dungeon (3/15)

Altars:
Qazlal

Annotations:
D:3 Grinder


Innate Abilities, Weirdness & Mutations

You are small and have problems with some larger weapons.
You are carnivorous and can eat meat at any time.


Message History

The kobold throws a stone.
The stone hits you but does no damage.
You see here a stone.
Unknown command.
The bat closely misses you. The bat hits you.
Grinder says, "Just stop there for a second..."
Grinder gestures at you. Pain shoots through your body!
* * * LOW HITPOINT WARNING * * *
The bat barely misses you. The bat closely misses you.
The bat closely misses you.
Found 10 stones.
The bat barely misses you.
Okay, then.
The bat barely misses you. The bat hits you but does no damage.
Grinder says, "I used to sell toenails on the black market."
Grinder gestures at you. Pain shoots through your body!
You die...

...... ...... ........
#.#........#
#.#.....>..# .# #
#.#........#######...#
#$#.#......##.5.@......#
#.#.#......##K#b###..#(#
............K.#.# .#
#........#(w#.# #
.##........#..#.###.
...........(........
###.......%.(.......
#.........##.##..#..
###รท###...##.# .....


You could see Grinder, a bat and a kobold.

Vanquished Creatures
  Ijyb (D:3)
  2 adders (D:3)
  3 worms (D:2)
  2 dart slugs
  2 leopard geckos (D:1)
  4 bats
  7 hobgoblins
  6 kobolds
  3 ball pythons
  2 frilled lizards (D:1)
  4 goblins
  4 rats
40 creatures vanquished.

Notes
Turn   | Place    | Note
-------+----------+-------------------------------------------
     0 | D:1      | Borgoz the Kobold Gladiator began the quest for the Orb.
     0 | D:1      | Reached XP level 1. HP: 12/12 MP: 1/1
   216 | D:1      | Reached XP level 2. HP: 17/17 MP: 2/2
   369 | D:1      | Reached XP level 3. HP: 21/22 MP: 3/3
   886 | D:2      | Found a stormy altar of Qazlal.
  1219 | D:2      | Reached skill level 5 in Short Blades
  1296 | D:2      | Reached XP level 4. HP: 12/27 MP: 4/4
  1827 | D:3      | Noticed Ijyb
  1857 | D:3      | Killed Ijyb
  1877 | D:3      | Reached skill level 1 in Stealth
  1914 | D:3      | Noticed Grinder
  1919 | D:3      | Paralysed by Grinder for 5 turns
  1932 | D:3      | Killed from afar by Grinder

Levels and vault maps discovered:
D:1:      matt_arrival_spirals, layout_basic
D:2:      layout_loops_ring, nicolae_overflow_crystal_walls, first_ration
D:3:      corexii_shack_village, layout_basic, uniq_ijyb, uniq_grinder

Skill      XL: |  1  2  3  4 |
---------------+-------------+-----
Dodging        | 4 |  4.3
Short Blades   | 5 |  5.6
Stealth        | 1 |  1.0
Fighting       | |  2.6
Throwing       | |  2.4
Armour         | |  0.8

Action                   |  1- 3 |  4- 6 || total
-------------------------+-------+-------++-------
Melee: Rapier            |    97 |    49 ||   146
  Use: Potion            |       |     1 ||     1
 Stab: Sleeping          |     1 |     1 ||     2
  Eat: Chunk             |     9 |     3 ||    12
Armor: Leather armour    |    15 |    11 ||    26
Dodge: Dodged            |    73 |    42 ||   115

Table legend:
 A = Non-vault XP
 B = Vault XP
 C = Vault XP percentage of total XP
 D = Non-vault monster count
 E = Vault monster count
 F = Vault count percentage of total count
                 A         B        C        D         E       F
            +---------+---------+-------+---------+---------+-------
      Total |     102 |      36 |  26.1 |      39 |       1 |   2.5
            +---------+---------+-------+---------+---------+-------
        D:1 |      39 |       0 |   0.0 |      23 |       0 |   0.0
        D:2 |      35 |       0 |   0.0 |      13 |       0 |   0.0
        D:3 |      28 |      36 |  56.2 |       3 |       1 |  25.0
            +---------+---------+-------+---------+---------+-------
